 Dungeon Crawl Stone Soup version 0.29.1-13-g9f3cf754e1 (webtiles) character file.

Game seed: 14186815752650905307

4781 booth the Cruncher (level 10, 0/79 HPs)
             Began as a Gnoll Wanderer on Feb 5, 2023.
             Was an Initiate of Yredelemnul.
             Slain by a death yak (12 damage)
             ... on level 9 of the Dungeon on Feb 6, 2023.
             The game lasted 01:11:21 (10016 turns).

booth the Cruncher (Gnoll Wanderer)                Turns: 10016, Time: 01:11:22

Health: 0/79       AC: 13    Str: 10    XL:     10   Next: 47%
Magic:  18/18      EV: 15    Int: 10    God:    Yredelemnul [......]
Gold:   483        SH:  5    Dex: 19    Spells: 19/20 levels left

rFire   . . .      SeeInvis .   a - +4 quarterstaff
rCold   . . .      Faith    .   (shield currently unavailable)
rNeg    . . .      Spirit   .   Q - +0 acid dragon scales
rPois   +          Reflect  +   n - +0 helmet
rElec   .          Harm     .   c - +0 cloak
rCorr   +          Rampage  .   t - +0 pair of gloves
Will    .....                   q - +0 pair of boots
Stlth   +++.......              P - amulet of reflection
HPRegen 0.23/turn               M - ring of poison resistance
MPRegen 0.16/turn               (no ring)

@: no status effects
A: fangs 1, strong nose, distributed training
a: Renounce Religion, Recall Undead Harvest


You were on level 9 of the Dungeon.
You worshipped Yredelemnul.
Yredelemnul was noncommittal.
You visited 1 branch of the dungeon, and saw 9 of its levels.
You also visited: Sewer.

You collected 723 gold pieces.
You spent 240 gold pieces at shops.

Inventory:

Hand Weapons
 a - a +4 quarterstaff (weapon)
 b - a +0 sling
 m - a +0 vampiric short sword
 r - a +0 mace
 D - a +1 scimitar of flaming
 I - a +0 war axe
Missiles
 l - 22 poisoned darts (quivered)
 E - 9 boomerangs
Armour
 c - a +0 cloak (worn)
 n - a +0 helmet (worn)
 q - a +0 pair of boots (worn)
 t - a +0 pair of gloves (worn)
 A - a +0 leather armour
 Q - +0 acid dragon scales (worn)
Magical Staves
 R - a staff of death
Jewellery
 M - a ring of poison resistance (left hand)
 P - an amulet of reflection (around neck)
Wands
 e - a wand of charming (11)
 G - a wand of mindburst (15)
Scrolls
 f - 8 scrolls of teleportation
 h - a scroll of summoning
 k - 3 scrolls of vulnerability
 o - 2 scrolls of magic mapping
 p - 3 scrolls of amnesia
 s - 3 scrolls of blinking
 v - 3 scrolls of fear
 x - 3 scrolls of immolation
 y - 2 scrolls of enchant weapon
 F - 4 scrolls of enchant armour {unknown}
 H - 3 scrolls of torment {unknown}
 J - a scroll of brand weapon {unknown}
 N - a scroll of silence {unknown}
 O - 2 scrolls of noise {unknown}
Potions
 d - 2 potions of attraction
 g - 2 potions of curing
 i - a potion of heal wounds
 j - 2 potions of invisibility
 u - a potion of haste
 w - 2 potions of mutation
 z - a potion of magic {unknown}
 B - a potion of lignification {unknown}
 K - 2 potions of might {unknown}
 L - a potion of flight {unknown}
 S - a potion of brilliance {unknown}


   Skills:
 + Level 7.2 Fighting
 + Level 5.5 Short Blades
 + Level 5.5 Long Blades
 + Level 5.5 Axes
 + Level 5.5 Maces & Flails
 + Level 5.5 Polearms
 + Level 8.6 Staves
 + Level 6.1 Ranged Weapons
 + Level 5.5 Throwing
 + Level 7.2 Armour
 + Level 7.2 Dodging
 + Level 5.5 Stealth
 + Level 5.5 Shields
 + Level 5.5 Unarmed Combat
 + Level 5.5 Spellcasting
 + Level 4.5 Conjurations
 + Level 4.5 Hexes
 + Level 4.5 Summonings
 + Level 4.5 Necromancy
 + Level 4.5 Translocations
 + Level 4.5 Transmutations
 + Level 4.5 Fire Magic
 + Level 4.5 Ice Magic
 + Level 4.5 Air Magic
 + Level 4.5 Earth Magic
 + Level 4.5 Poison Magic
 + Level 6.0 Invocations
 + Level 5.5 Evocations


You had 19 spell levels left.
You knew the following spells:

 Your Spells              Type           Power      Damage    Failure   Level
a - Summon Small Mammal   Summ           44%        N/A       4%          1

Your spell library contained the following spells:

 Spells                   Type           Power      Damage    Failure   Level
 Call Canine Familiar     Summ           11%        N/A       16%         3
 Frozen Ramparts          Ice            22%        1d4       16%         3
 Gell's Gravitas          Tloc           11%        N/A       16%         3
 Summon Guardian Golem    Hex/Summ       11%        N/A       16%         3
 Teleport Other           Tloc           11%        N/A       16%         3
 Ice Form                 Ice/Tmut       11%        N/A       45%         4
 Summon Ice Beast         Ice/Summ       11%        N/A       45%         4
 Dispersal                Tloc           5%         N/A       100%        6
 Orb of Destruction       Conj           5%         9d5       100%        7
 Spellforged Servitor     Conj/Summ      5%         N/A       100%        7


Dungeon Overview and Level Annotations

Branches:
Dungeon (9/15)             Temple (0/1) D:6            Lair (0/5) D:9
  Sewer (visited)
    Orc: D:9-12

Altars:
Gozag
Makhleb
Okawaru
Qazlal
Uskayaw
Yredelemnul

Shops:
D:4 [   D:5 ::   D:6 =


Innate Abilities, Weirdness & Mutations

You have very sharp teeth.
Your uncanny sense of smell can sniff out nearby items.
Your experience applies equally to all skills.


Message History

Your yak zombie gores the yak.
You hit the yak.
The yak is moderately wounded.
The death yak gores your yak zombie!! The yak closely misses you.
Something gores your yak zombie. The yak gores your yak zombie!
Your yak zombie is destroyed!
The death yak bellows!
You hit the yak. You bite the yak, but do no damage.
The yak is heavily wounded.
The yak closely misses you. The yak gores you!
The death yak snorts and paws the ground.
The death yak gores you!
Your howler monkey hits the yak!
The yak snorts and paws the ground.
The yak gores your yak zombie! The yak gores your howler monkey!
Your howler monkey hits the yak.
The death yak gores you. The death yak attacks as you move away!
The death yak closely misses you. The yak attacks as you move away!
You block the yak's attack.
Your howler monkey hits the yak.
The yak gores your yak zombie. The yak gores your howler monkey!
Your howler monkey dies!
Your howler monkey's corpse dissolves into shadows!
The yak attacks as you move away! The yak completely misses you.
The yak gores your yak zombie.
The death yak snorts and paws the ground.
Your yak zombie gores the yak.
You open the door.
The yak gores your yak zombie but does no damage.
The yak gores your yak zombie.
Your yak zombie is destroyed!
The death yak gores you but does no damage.
There is an open door here.
The death yak attacks as you move away! The death yak gores you!
The death yak gores you!
* * * LOW HITPOINT WARNING * * *
The death yak attacks as you move away! You block the death yak's attack.
There is a stone staircase leading down here.
The death yak gores you!
You die...
Your body rises from the dead as a mindless zombie.

#...# ##..# ###'###
######'## #.....#
#.......# #.....#
#.......# #.....#
#.......# ##.....#
#.....).# .'.)...#
#.....))#
##((...#########.......#
#...(......(..##@......#
..........Y#..##Y......#
........#..YY.##Y......#
............Y.##Y......#
##.....>....YY.Y.......#
#...#...#..Y.Y#.......#
##............#####'####
#.............##....#
#####........###'#####


You could see 2 death yaks and 2 yaks.

Vanquished Creatures
  A death yak (D:9)
  Maggie (D:7)
  A shadow (D:7)
  A wyvern (D:8)
  A yak (D:9)
  Eustachio (D:5)
  A steam dragon (D:6)
  A water moccasin (D:5)
  3 orc warriors (D:9)
  A sky beast (D:7)
  2 ogres
  3 centaurs
  3 kobold brigands
  3 bullfrogs
  A scorpion (D:5)
  5 killer bees (D:9)
  5 hounds
  5 orc priests
  2 jellies
  2 iguanas
  5 orc wizards
  6 river rats (Sewer)
  8 adders
  A white imp (D:5)
  2 worms
  A dart slug (D:2)
  31 orcs
  13 ball pythons
  10 bats
  6 endoplasms
  3 giant cockroaches
  10 goblins
  12 hobgoblins
  6 quokkas
  A frilled lizard (D:1)
  19 kobolds
  7 rats
184 creatures vanquished.

Vanquished Creatures (collateral kills)
  A yak (D:9)
  An ice beast (D:6)
  3 orc warriors (D:9)
  2 bullfrogs (Sewer)
  An orc priest (D:5)
  Robin (D:2)
  2 river rats (Sewer)
  3 adders (Sewer)
  A worm (D:3)
  20 orcs
  5 endoplasms
  A giant cockroach (D:2)
  4 goblins
  A hobgoblin (D:2)
  13 ball pythons
  3 kobolds
  23 rats
85 creatures vanquished.

Vanquished Creatures (others)
  A death yak zombie (D:9)
  A water moccasin zombie (D:5)
  2 yak zombies (D:9)
  A centaur zombie (D:4)
  A scorpion zombie (D:5)
  A hound zombie (D:5)
  A human zombie (D:5)
  4 adder zombies
  A jelly zombie (D:5)
  A bat zombie (D:1)
  8 ball python zombies
  A dart slug zombie (D:2)
  An endoplasm zombie (D:4)
  5 goblin zombies
  5 hobgoblin zombies (D:2)
  13 kobold zombies
  26 orc zombies
  7 rat zombies (Sewer)
  3 river rat zombies (Sewer)
83 creatures vanquished.

Grand Total: 352 creatures vanquished

Notes
Turn   | Place    | Note
-------+----------+-------------------------------------------
     0 | D:1      | booth the Gnoll Wanderer began the quest for the Orb.
     0 | D:1      | booth set off with the following items: a +2 quarterstaff,
                  | a +0 sling, a +0 cloak, a potion of attraction, a +0 robe.
     0 | D:1      | Reached XP level 1. HP: 20/20 MP: 1/1
   143 | D:1      | Reached XP level 2. HP: 24/26 MP: 2/2
   518 | D:1      | Found a faded altar of an unknown god.
   525 | D:1      | Prayed at the altar of an unknown god.
   525 | D:1      | Became a worshipper of Yredelemnul the Dark
   565 | D:1      | Reached XP level 3. HP: 31/31 MP: 3/3
   605 | D:1      | Reached * piety under Yredelemnul
   693 | D:1      | Reached skill level 1 in Invocations
  1205 | D:2      | Noticed Robin
  1212 | D:2      | Reached skill level 1 in Short Blades
  1212 | D:2      | Reached skill level 1 in Long Blades
  1212 | D:2      | Reached skill level 1 in Axes
  1212 | D:2      | Reached skill level 1 in Maces & Flails
  1212 | D:2      | Reached skill level 1 in Polearms
  1212 | D:2      | Reached skill level 1 in Throwing
  1212 | D:2      | Reached skill level 1 in Stealth
  1212 | D:2      | Reached skill level 1 in Shields
  1212 | D:2      | Reached skill level 1 in Unarmed Combat
  1212 | D:2      | Reached skill level 1 in Spellcasting
  1212 | D:2      | Reached skill level 1 in Evocations
  1228 | D:2      | Killed Robin
  1229 | D:2      | Reached XP level 4. HP: 23/38 MP: 5/5
  1562 | D:2      | Reached skill level 1 in Conjurations
  1562 | D:2      | Reached skill level 1 in Hexes
  1562 | D:2      | Reached skill level 1 in Summonings
  1562 | D:2      | Reached skill level 1 in Necromancy
  1562 | D:2      | Reached skill level 1 in Translocations
  1562 | D:2      | Reached skill level 1 in Transmutations
  1562 | D:2      | Reached skill level 1 in Fire Magic
  1562 | D:2      | Reached skill level 1 in Ice Magic
  1562 | D:2      | Reached skill level 1 in Air Magic
  1562 | D:2      | Reached skill level 1 in Earth Magic
  1562 | D:2      | Reached skill level 1 in Poison Magic
  1948 | D:3      | Found an iron altar of Okawaru.
  2160 | D:3      | Reached XP level 5. HP: 14/43 MP: 5/7
  2505 | D:3      | Found a glowing drain.
  2531 | Sewer    | Entered a sewer
  2651 | Sewer    | Reached ** piety under Yredelemnul
  2659 | Sewer    | Reached XP level 6. HP: 33/50 MP: 8/8
  2692 | Sewer    | Reached skill level 5 in Fighting
  2692 | Sewer    | Reached skill level 5 in Armour
  2692 | Sewer    | Reached skill level 5 in Dodging
  2726 | Sewer    | Reached *** piety under Yredelemnul
  3363 | D:3      | Reached skill level 7 in Staves
  3363 | D:3      | Reached XP level 7. HP: 34/56 MP: 10/10
  3625 | D:4      | Found Farphi's Armour Shoppe.
  3728 | D:4      | Found a hide-covered altar of Uskayaw.
  4182 | D:4      | Learned a level 1 spell: Summon Small Mammal
  4468 | D:5      | Entered Level 5 of the Dungeon
  4509 | D:5      | Found Inyc's Book Shop.
  4643 | D:5      | Reached XP level 8. HP: 14/63 MP: 12/12
  5022 | D:5      | Noticed Eustachio
  5034 | D:5      | Killed Eustachio
  5056 | D:5      | Your ally Eustachio died
  5289 | D:5      | Found Ducziadu's Book Emporium.
  5533 | D:5      | Found a burning altar of Makhleb.
  6257 | D:6      | Found Yratut's Jewellery Shoppe.
  6303 | D:6      | Bought a ring of poison resistance for 240 gold pieces
  6337 | D:6      | Reached XP level 9. HP: 32/69 MP: 12/14
  6521 | D:6      | Found a staircase to the Ecumenical Temple.
  6908 | D:7      | Reached skill level 5 in Ranged Weapons
  7126 | D:7      | Noticed Maggie
  7515 | D:7      | Killed Maggie
  7516 | D:7      | Reached skill level 8 in Staves
  7516 | D:7      | Reached skill level 5 in Invocations
  8089 | D:8      | Found a stormy altar of Qazlal.
  8409 | D:8      | Found an opulent altar of Gozag.
  9141 | D:9      | Reached skill level 5 in Short Blades
  9141 | D:9      | Reached skill level 5 in Long Blades
  9141 | D:9      | Reached skill level 5 in Axes
  9141 | D:9      | Reached skill level 5 in Maces & Flails
  9141 | D:9      | Reached skill level 5 in Polearms
  9141 | D:9      | Reached skill level 5 in Throwing
  9141 | D:9      | Reached skill level 5 in Stealth
  9141 | D:9      | Reached skill level 5 in Shields
  9141 | D:9      | Reached skill level 5 in Unarmed Combat
  9141 | D:9      | Reached skill level 5 in Spellcasting
  9141 | D:9      | Reached skill level 5 in Evocations
  9141 | D:9      | Reached XP level 10. HP: 58/77 MP: 17/17
  9275 | D:9      | Noticed a death yak
  9645 | D:9      | Noticed a death yak
  9679 | D:9      | Noticed a death yak
  9692 | D:9      | Killed a death yak
  9904 | D:9      | Found a staircase to the Lair.
 10016 | D:9      | Slain by a death yak

Illustrated notes

Levels and vault maps discovered:
D:1:      lemuel_arrival_cross, layout_rooms,
          hellmonk_ecumenical_altar_leap_of_faith, kennysheep_doodads,
          chequers_decorated_corner
D:2:      layout_basic, uniq_robin
D:3:      layout_rooms, mainiacjoe_overflow_small_starburst,
          cheibrodos_sewer_entry_bend, dk_noncrumbling_2, serial_bayou_crossing
D:4:      layout_basic, serial_shops, nicolae_shop_waterfront,
          minmay_ruined_shrine
D:5:      nicolae_cairo_tiling, layout_loops_ring, makhleb_heckhound_becter,
          serial_shops, shop, grunt_ministairs_1, kennysheep_diamond,
          uniq_eustachio
D:6:      layout_loops_ring, minmay_temple_entry_trees, serial_shops,
          nicolae_shop_trees
D:7:      layout_loops_ring, uniq_maggie
D:8:      layout_basic, lemuel_coloured_pillars_altar,
          nicolae_qazlal_scattered_showers, chequers_serial_rivers_micro_e
D:9:      layout_roguey [special_room_orc], dpeg_lair_monsters

Skill      XL: |  1  2  3  4  5  6  7  8  9 10 |
---------------+-------------------------------+-----
Invocations    | 1 2 3 4 5 6 |  6.0
Short Blades   | 1 2 3 5 |  5.5
Long Blades    | 1 2 3 5 |  5.5
Axes           | 1 2 3 5 |  5.5
Maces & Flails | 1 2 3 5 |  5.5
Polearms       | 1 2 3 5 |  5.5
Throwing       | 1 2 3 5 |  5.5
Stealth        | 1 2 3 5 |  5.5
Shields        | 1 2 3 5 |  5.5
Unarmed Combat | 1 2 3 5 |  5.5
Spellcasting   | 1 2 3 5 |  5.5
Evocations     | 1 2 3 5 |  5.5
Conjurations   | 1 2 3 4 |  4.5
Hexes          | 1 2 3 4 |  4.5
Summonings     | 1 2 3 4 |  4.5
Necromancy     | 1 2 3 4 |  4.5
Translocations | 1 2 3 4 |  4.5
Transmutations | 1 2 3 4 |  4.5
Fire Magic     | 1 2 3 4 |  4.5
Ice Magic      | 1 2 3 4 |  4.5
Air Magic      | 1 2 3 4 |  4.5
Earth Magic    | 1 2 3 4 |  4.5
Poison Magic   | 1 2 3 4 |  4.5
Ranged Weapons | 3 4 5 6 |  6.1
Fighting       | 5 6 7 |  7.2
Armour         | 5 6 7 |  7.2
Dodging        | 5 6 7 |  7.2
Staves         | 7 8 |  8.6

Action                   |  1- 3 |  4- 6 |  7- 9 | 10-12 || total
-------------------------+-------+-------+-------+-------++-------
Melee: Quarterstaff      |    69 |   159 |   310 |    77 ||   615
       Bite              |     2 |     9 |    33 |    13 ||    57
Throw: Dart              |       |     3 |    17 |    13 ||    33
 Cast: Summon Small Mamm |       |       |     1 |       ||     1
Invok: Recall Undead Har |       |       |    17 |     3 ||    20
       Dark Bargain      |       |       |       |     1 ||     1
Evoke: Wand              |       |       |       |     1 ||     1
  Use: Scroll            |       |    13 |     3 |     4 ||    20
       Potion            |       |       |     3 |     1 ||     4
 Stab: Sleeping          |     3 |       |     4 |       ||     7
       Distracted        |     1 |     1 |       |       ||     2
Armor: Robe              |    15 |    59 |    49 |       ||   123
       Acid dragon scale |       |       |    31 |    30 ||    61
Dodge: Dodged            |    58 |   152 |   220 |    59 ||   489
Block: Other             |       |       |    25 |    22 ||    47
       Reflection        |       |       |     2 |       ||     2
